 Dungeon Crawl Stone Soup version 0.17-a0-1262-gd250d98 (webtiles) character file.

97 wotan the Ruffian (level 4, -3/37 (38) HPs)
             Began as a Ghoul Monk on June 6, 2015.
             Slain by a worm (5 damage)
             ... on level 2 of the Dungeon.
             The game lasted 00:04:29 (1142 turns).

wotan the Ruffian (Ghoul Monk)                      Turns: 1142, Time: 00:04:29

HP:   -3/37 (38)    AC:  6    Str: 14    XL:     4   Next: 68%
MP:   3/3           EV: 10    Int:  5    God:
Gold: 60            SH:  0    Dex: 12    Spells: 0 memorised, 3 levels left

rFire  . . .     SeeInvis .       - Unarmed
rCold  + . .     Clarity  .     k - +0 scale mail
rNeg   + + +     SustAt   .     (no shield)
rPois  ∞         Gourm    .     (no helmet)
rElec  .         Spirit   .     (no cloak)
rCorr  .         Warding  .     (no gloves)
rMut   .         Stasis   .     (no boots)
MR     +....                    (no amulet)
Stlth  +.........               (no ring)
                                i - ring of protection from magic

@: rotting, somewhat resistant to hostile enchantments, very unstealthy
A: rotting body, claws 1, carnivore 3, cold resistance 1, negative energy
resistance 3, slow healing 1, torment resistance, unbreathing
a: no special abilities


You were on level 2 of the Dungeon.
You were not hungry.

You visited 1 branch of the dungeon, and saw 2 of its levels.

You collected 60 gold pieces.

Inventory:

Armour
 k - a +0 scale mail (worn)
Jewellery
 i - a ring of protection from magic (left claw)
Scrolls
 a - a scroll of enchant weapon {unknown}
 c - a scroll of recharging {unknown}
 e - 4 scrolls of identify {unknown}
 g - a scroll of blinking {unknown}
 l - a scroll of fog {unknown}
 m - 2 scrolls of remove curse {unknown}
Potions
 d - a potion of ambrosia {unknown}
 f - a potion of haste {unknown}
 h - a potion of brilliance {unknown}
 j - a potion of might {unknown}
 o - a potion of heal wounds {unknown}
Comestibles
 b - a meat ration


   Skills:
 - Level 3.2 Fighting
 + Level 1.4 Armour
 - Level 2.6 Dodging
 - Level 2.1 Stealth
 - Level 6.1 Unarmed Combat


You had 3 spell levels left.
You didn't know any spells.

Dungeon Overview and Level Annotations

Branches:
Dungeon (2/15)

Altars:


Innate Abilities, Weirdness & Mutations

Your body is rotting away.
You thrive on raw meat.
You are immune to poison.
You have sharp fingernails.
You are carnivorous and can eat meat at any time.
Your flesh is cold resistant.
You are immune to negative energy.
You heal slowly when monsters are visible.
You are immune to unholy pain and torment.
You can survive without breathing.


Message History

The worm is lightly wounded.
The worm bites you!
* * * LOW HITPOINT WARNING * * *
You scratch the worm.
The worm is moderately wounded.
You claw the worm!
The worm is severely wounded.
The worm misses you.
You scratch the worm but do no damage.
The worm is severely wounded.
You scratch the worm.
The worm is severely wounded.
The worm bites you.
* * * LOW HITPOINT WARNING * * *
You scratch the worm but do no damage.
The worm is severely wounded.
You barely miss the worm.
The worm is severely wounded.
The worm bites you.
You die...

.. .............#
#.###....#......# #
#.....#.##....... .
#.##................
..###.#..###.#.##.......
.?........##..###......#
#...#...###..###.#....
.. #.w..............##.
...$.#@..####....######
....##.).# #.....## #
.#.......##..###...####
.....................(.
.#....#................
#......#####..........
#....### ....[.... #....
......... #... ###..#...


You could see a worm.

Vanquished Creatures
  6 adders (D:2)
  A worm (D:2)
  5 bats
  A giant cockroach (D:2)
  4 goblins
  3 hobgoblins (D:1)
  4 jackals (D:1)
  A ball python (D:2)
  5 giant geckos
  A giant newt (D:1)
  3 kobolds
  6 rats
40 creatures vanquished.

Notes
Turn   | Place    | Note
--------------------------------------------------------------
     0 | D:1      | wotan the Ghoul Monk began the quest for the Orb.
     0 | D:1      | Reached XP level 1. HP: 19/19 MP: 0/0
   450 | D:1      | Reached XP level 2. HP: 24/26 MP: 1/1
   482 | D:1      | Reached skill level 5 in Unarmed Combat
   795 | D:1      | Reached XP level 3. HP: 22/31 MP: 2/2
   963 | D:2      | Reached skill level 6 in Unarmed Combat
   963 | D:2      | Reached XP level 4. HP: 33/38 MP: 3/3
  1111 | D:2      | Reached skill level 1 in Armour
  1142 | D:2      | Slain by a worm

Vault maps used:
D:1:      dpeg_arrival_castle, minmay_misc_feat_chi
D:2:      first_bread

Action                   |  1- 3 |  4- 6 || total
-------------------------+-------+-------++-------
Melee: Unarmed           |    78 |    39 ||   117
 Stab: Sleeping          |     3 |       ||     3
  Eat: Chunk             |     7 |     1 ||     8
